Map: Jagannatha LE

Players

Zoun - Winner!

  • Race: Protoss Protoss
  • League: Diamond
  • Spawn Location: 1:00

Astrea

  • Race: Protoss Protoss
  • League: Master
  • Spawn Location: 7:00

Event: Cheeseadelphia Winter Championship 2021

VOD

Have the link to the VOD?

Description

Time

  • Played on: Jan. 23, 2021, 12:20 p.m.
  • Length: 8:50

All games in this series

Show
View Real Time Build Order
Export as new Build Order

Zoun Protoss - Winner!

Build Orders: Oracle Opening 

Get SALT Encoding   

  12  0:00  Probe  
  13  0:12  Probe  
  14  0:17  Pylon  
  14  0:24  Probe (Chrono Boost)  
  16  0:37  Gateway, Probe (Chrono Boost)  
  16  0:42  Probe (Chrono Boost)  
  16  0:47  Assimilator  
  17  0:52  Probe  
  17  0:55  Assimilator  
  18  1:05  Probe (Chrono Boost)  
  18  1:09  Gateway  
  19  1:14  Probe (Chrono Boost)  
  20  1:19  Probe (Chrono Boost)  
  20  1:24  Cybernetics Core  
  21  1:31  Probe  
  22  1:35  Pylon  
  22  1:43  Probe  
  23  1:55  Probe  
  23  2:00  Warp Gate (Chrono Boost)  
  23  2:01  Stalker x2  
  28  2:07  Probe  
  29  2:14  Pylon  
  29  2:21  Probe  
  30  2:26  Pylon  
  30  2:39  Stargate  
  30  2:42  Adept x2  
  34  3:07  Nexus  
  34  3:15  Shield Battery  
  34  3:20  Oracle (Chrono Boost)  
  37  3:31  Pylon  
  37  3:38  Twilight Council  
  37  3:42  Sentry  
  39  3:49  Probe  
  38  4:03  Stalker  
  38  4:05  Shield Battery  
  38  4:09  Phoenix  
  40  4:19  Probe  
  40  4:20  Probe  
  40  4:24  Blink (Chrono Boost)  
  42  4:32  Probe x2 (Chrono Boost)  
  44  4:44  Probe (Chrono Boost)  
  46  4:49  Sentry  
  46  4:50  Probe (Chrono Boost)  
  46  4:52  Probe (Chrono Boost)  
  49  4:56  Probe (Chrono Boost)  
  49  4:57  Stalker  
  49  4:58  Probe  
  53  5:07  Pylon  
  53  5:08  Probe  
  53  5:11  Probe  
  53  5:13  Pylon  
  55  5:15  Assimilator  
  55  5:20  Probe  
  56  5:23  Stalker x2, Probe  
  61  5:30  Gateway  
  61  5:32  Probe  
  62  5:40  Gateway  
  62  5:42  Gateway  
  62  5:45  Probe x2  
  62  5:49  Sentry, Stalker  
  68  5:57  Pylon  
  68  5:58  Pylon  
  68  6:00  Probe x2  
  70  6:12  Nexus  
  70  6:17  Sentry  
  70  6:18  Stalker  
  74  6:24  Stalker  
  76  6:34  Stalker  
  76  6:36  Stalker  
  80  6:41  Stalker x2  
  76  7:02  Stalker x3  
  73  7:09  Probe  
  73  7:11  Oracle  
  75  7:22  Probe x2  
  75  7:26  Pylon  
  75  7:28  Zealot x3  
  75  7:29  Zealot x2  
  85  7:32  Probe (Chrono Boost)  
  85  7:34  Probe x2 (Chrono Boost)  
  88  7:37  Forge  
  88  7:38  Shield Battery  
  88  7:44  Probe (Chrono Boost)  
  89  7:46  Robotics Facility, Probe x2 (Chrono Boost)  
  89  7:51  Probe x3 (Chrono Boost)  
  92  7:58  Probe  
  94  8:02  Probe  
  94  8:05  Probe  
  93  8:10  Probe  
  90  8:14  Probe  
  90  8:18  Assimilator  
  88  8:20  Assimilator  
  88  8:21  Pylon  
  90  8:28  Gateway x2  
  87  8:33  Gateway  
  87  8:41  Nexus  
  87  8:42  Pylon  
Show
View Real Time Build Order
Export as new Build Order

Astrea Protoss 

Build Orders: Oracle Opening 

Get SALT Encoding   

  12  0:00  Probe  
  13  0:12  Probe  
  14  0:18  Pylon  
  14  0:24  Probe (Chrono Boost)  
  15  0:36  Probe (Chrono Boost)  
  15  0:38  Gateway  
  16  0:44  Probe (Chrono Boost)  
  16  0:46  Assimilator  
  17  0:51  Probe  
  17  0:54  Assimilator  
  18  1:03  Probe (Chrono Boost)  
  19  1:08  Gateway  
  20  1:12  Probe (Chrono Boost)  
  20  1:17  Probe (Chrono Boost)  
  20  1:24  Cybernetics Core  
  21  1:29  Probe  
  22  1:35  Pylon  
  22  1:41  Probe  
  23  1:53  Probe  
  24  2:01  Stalker x2  
  28  2:02  Warp Gate  
  28  2:06  Probe  
  29  2:14  Pylon  
  29  2:18  Probe  
  30  2:29  Stargate  
  30  2:32  Probe  
  31  2:45  Probe  
  32  2:59  Nexus  
  32  3:02  Probe  
  33  3:10  Oracle (Chrono Boost)  
  32  3:14  Probe  
  36  3:20  Pylon  
  36  3:25  Shield Battery  
  36  3:27  Probe  
  37  3:37  Robotics Facility  
  37  3:39  Probe  
  38  3:50  Stalker  
  38  3:51  Stalker  
  42  3:56  Probe (Chrono Boost)  
  40  4:08  Probe (Chrono Boost)  
  41  4:16  Probe (Chrono Boost)  
  43  4:17  Probe (Chrono Boost)  
  43  4:19  Sentry x2  
  47  4:24  Probe (Chrono Boost)  
  47  4:28  Probe (Chrono Boost)  
  47  4:30  Observer  
  48  4:32  Probe (Chrono Boost)  
  49  4:38  Probe (Chrono Boost)  
  49  4:39  Probe (Chrono Boost)  
  50  4:46  Probe x2  
  50  4:48  Observer  
  50  4:51  Sentry  
  54  4:58  Probe x2, Nexus  
  56  5:01  Pylon  
  56  5:10  Probe (Chrono Boost)  
  56  5:13  Immortal  
  62  5:14  Probe (Chrono Boost)  
  63  5:22  Probe (Chrono Boost)  
  63  5:27  Probe x2 (Chrono Boost)  
  65  5:30  Assimilator  
  65  5:36  Probe  
  65  5:37  Probe  
  65  5:38  Pylon  
  67  5:48  Probe  
  67  5:49  Probe  
  69  5:51  Assimilator  
  69  5:56  Immortal  
  73  5:59  Shield Battery  
  73  6:02  Probe  
  74  6:05  Probe  
  75  6:11  Twilight Council, Forge  
  75  6:14  Adept x2, Probe  
  75  6:17  Probe x2  
  82  6:26  Probe  
  82  6:29  Probe  
  82  6:30  Probe  
  85  6:36  Immortal (Chrono Boost)  
  85  6:37  Gateway x2  
  85  6:38  Probe  
  85  6:39  Protoss Ground Weapons Level 1 (Chrono Boost)  
  90  6:41  Probe  
  90  6:42  Probe  
  92  6:53  Stalker x2  
  92  6:58  Probe  
  74  7:03  Shield Battery, Observer  
  74  7:04  Shield Battery  
  60  7:13  Immortal (Chrono Boost)  
  55  7:17  Stalker x2  
  58  7:31  Stalker x2  
  62  7:37  Pylon  
  62  7:42  Sentry x2  
  66  7:44  Pylon  
  66  7:45  Immortal  
  66  7:47  Pylon  
  66  7:49  Pylon  
  70  7:55  Stalker x2  
  70  8:05  Stalker x2  
  57  8:19  Stalker  
  50  8:21  Stalker  
Tags
 
Add a new tag
Caveats
  • Supply blocks, unpowered buildings, or Contaminate may cause inaccurate times.
  • Supply counts are checked every 10 seconds.